 Dungeon Crawl Stone Soup version 0.30.1 (webtiles) character file.

Game seed: 12174508425621506638

847 Descartes the Conjurer (level 7, -1/36 HPs)
             Began as a Deep Elf Conjurer on July 12, 2023.
             Was an Initiate of Gozag.
             Slain by an ice beast (8 damage)
             ... on level 5 of the Dungeon.
             The game lasted 00:10:41 (4163 turns).

Descartes the Conjurer (Deep Elf Conjurer)          Turns: 4163, Time: 00:10:41

Health: -1/36      AC:  2    Str:  4    XL:     7   Next: 68%
Magic:  12/18      EV: 14    Int: 25    God:    Gozag
Gold:   358        SH:  0    Dex: 13    Spells: 14/19 levels left

rFire   + . .        (no weapon)
rCold   . . .        (no shield)
rNeg    . . .        a - +0 robe
rPois   .            (no helmet)
rElec   .            (no cloak)
rCorr   .            (no gloves)
SInv    .            (no boots)
Will    .....        (no amulet)
Stlth   ++           s - ring of protection from fire
HPRegen 0.26/turn    (no ring)
MPRegen 0.16/turn

%: no passive effects
@: no status effects
A: no striking features
a: Renounce Religion, Potion Petition, Call Merchant, Bribe Branch


You were on level 5 of the Dungeon.
You worshipped Gozag.
Gozag was aware of your devotion.
You visited 1 branch of the dungeon, and saw 5 of its levels.

You collected 424 gold pieces.
You paid 66 gold pieces to Gozag.

Inventory:

Armour
 a - a +0 robe (worn)
Jewellery
 s - a ring of protection from fire (left hand)
Wands
 i - a wand of acid (7)
Scrolls
 c - a scroll of fear {unknown}
 d - 2 scrolls of teleportation {unknown}
 f - a scroll of enchant weapon {unknown}
 g - 3 scrolls of identify {unknown}
 k - a scroll of noise {unknown}
 o - a scroll of poison {unknown}
 p - a scroll of amnesia {unknown}
 q - 2 scrolls of summoning {unknown}
 r - a scroll of magic mapping {unknown}
Potions
 b - a potion of magic
 e - a potion of heal wounds {unknown}
 h - 2 potions of invisibility {unknown}
 j - a potion of lignification {unknown}
 l - 3 potions of haste
 m - a potion of mutation {unknown}
 n - a potion of degeneration {unknown}
 t - 2 potions of curing {unknown}
 u - 2 potions of cancellation {unknown}
 v - a potion of brilliance {unknown}


   Skills:
 + Level 5.7 Dodging
 - Level 2.4 Stealth
 + Level 6.5 Spellcasting
 + Level 6.5 Conjurations
 + Level 4.2 Poison Magic


You had 14 spell levels left.
You knew the following spells:

 Your Spells              Type           Power      Damage    Failure   Level
a - Magic Dart            Conj           100%       1d8       1%          1
b - Olgreb's Toxic Radia  Pois           29%        N/A       12%         4

Your spell library contained the following spells:

 Spells                   Type           Power      Damage    Failure   Level
 Foxfire                  Conj/Fire      96%        2x1d8     1%          1
 Searing Ray              Conj           82%        2d7       1%          2
 Dazzling Flash           Conj/Hex       48%        N/A       5%          3
 Fulminant Prism          Conj/Hex       12%        3d9       19%         4
 Iskenderun's Mystic Bla  Conj/Tloc      24%        2d7       19%         4
 Gell's Gravitas          Tloc           8%         N/A       22%         3
 Ozocubu's Armour         Ice            8%         N/A       22%         3
 Portal Projectile        Hex/Tloc       16%        N/A       22%         3
 Teleport Other           Tloc           8%         N/A       22%         3
 Tukima's Dance           Hex            8%         N/A       22%         3
 Fireball                 Conj/Fire      12%        3d7       45%         5
 Blade Hands              Tmut           4%         N/A       89%         5
 Metabolic Englaciation   Hex/Ice        4%         N/A       89%         5
 Starburst                Conj/Fire      12%        6d5       96%         6
 Dispersal                Tloc           4%         N/A       100%        6
 Plasma Beam              Fire/Air       4%         2x1d15    100%        6
 Discord                  Hex            4%         N/A       100%        8
 Ignition                 Fire           4%         3d4       100%        8
 Simulacrum               Ice/Necr       Unusable   N/A       N/A         6

Dungeon Overview and Level Annotations

Branches:
Dungeon (5/15)
 Temple: D:4-7

Altars:
Gozag
Okawaru

Shops:
D:1 ?!*   D:4 [=!*

Annotations:
D:5 3 runed translucent doors, Graphine's ghost, novice DrAE


Message History

Press: ? - help, Shift-Dir - straight line, f/p - ice beast
Aim: an ice beast (100% to hit)
The magic dart hits the ice beast.
The ice beast is lightly wounded.
Casting: Magic Dart (safe; 1% risk of failure)
Confirm with . or Enter, or press ? or * to list all spells.
Aiming: Magic Dart (safe; 1% risk of failure)
Press: ? - help, Shift-Dir - straight line, f/p - ice beast
Aim: an ice beast (lightly wounded, 100% to hit)
The magic dart hits the ice beast but does no damage.
The ice beast is lightly wounded.
Casting: Magic Dart (safe; 1% risk of failure)
Confirm with . or Enter, or press ? or * to list all spells.
Aiming: Magic Dart (safe; 1% risk of failure)
Press: ? - help, Shift-Dir - straight line, f/p - ice beast
Aim: an ice beast (lightly wounded, 100% to hit)
The magic dart hits the ice beast.
The ice beast is moderately wounded.
The ice beast hits you. The ice beast freezes you!
Casting: Magic Dart (safe; 1% risk of failure)
Confirm with . or Enter, or press ? or * to list all spells.
Aiming: Magic Dart (safe; 1% risk of failure)
Press: ? - help, Shift-Dir - straight line, f/p - ice beast
Aim: an ice beast (moderately wounded, 100% to hit)
The magic dart hits the ice beast!
The ice beast is heavily wounded.
The ice beast hits you. The ice beast freezes you!
* * * LOW HITPOINT WARNING * * *
Casting: Magic Dart (safe; 1% risk of failure)
Confirm with . or Enter, or press ? or * to list all spells.
Aiming: Magic Dart (safe; 1% risk of failure)
Press: ? - help, Shift-Dir - straight line, f/p - ice beast
Aim: an ice beast (heavily wounded, 100% to hit)
The magic dart hits the ice beast.
The ice beast is severely wounded.
The ice beast hits you.
* * * LOW HITPOINT WARNING * * *
The ice beast freezes you!
You die...
Your body crumbles into a pile of gold.

########.# .#
.........# ...
###.####.# ....
####...###.#####
#..#
#>.............# ...
#.##...###.###.# $
♣.####.###.## #.#
#.# ♣..##.# #.# #.#
#.# ♣.Y@..# #.# #.#
#.#
♣.#######.####.###.#
♣. ..(.........# ♣.
##.####.###.# ♣l #.#
#.##... .. #..
#.#.... .. #......
## #...... #......


You could see an ice beast.

Vanquished Creatures
  Grinder (D:3)
  Sigmund (D:2)
  An ogre (D:4)
  A phantom (D:3)
  A scorpion (D:4)
  A howler monkey (D:4)
  2 jellies (D:4)
  Terence (D:2)
  Natasha (twice) (D:1)
  4 adders
  A worm (D:3)
  2 dart slugs
  An orc (D:3)
  4 ball pythons
  5 bats
  3 endoplasms
  4 giant cockroaches
  5 goblins
  6 hobgoblins
  3 jackals (D:4)
  5 kobolds
  2 quokkas (D:4)
  6 rats
62 creatures vanquished.

Notes
Turn   | Place    | Note
-------+----------+-------------------------------------------
     0 | D:1      | Descartes the Deep Elf Conjurer began the quest for the
                  | Orb.
     0 | D:1      | Reached XP level 1. HP: 10/10 MP: 6/6
    36 | D:1      | Found a faded altar of an unknown god.
   171 | D:1      | Found Jesiebel's Assorted Antiques.
   203 | D:1      | Reached XP level 2. HP: 15/15 MP: 4/8
   451 | D:1      | Found Itriqimp's Magic Scroll Boutique.
   581 | D:1      | Found Sonak's Distillery.
   657 | D:1      | You fall into a shaft and drop 1 floor!
   858 | D:2      | Noticed Terence
   868 | D:2      | Killed Terence
   869 | D:2      | Reached XP level 3. HP: 9/19 MP: 0/10
  1018 | D:2      | Reached skill level 1 in Poison Magic
  1111 | D:2      | Reached skill level 5 in Conjurations
  1111 | D:2      | Reached XP level 4. HP: 24/24 MP: 6/12
  1258 | D:2      | Noticed Sigmund
  1469 | D:2      | Noticed Natasha
  1486 | D:1      | Killed Natasha
  1835 | D:1      | Noticed Natasha
  1839 | D:1      | Killed Natasha
  2042 | D:2      | Killed Sigmund
  2043 | D:2      | Reached skill level 5 in Spellcasting
  2043 | D:2      | Reached XP level 5. HP: 28/28 MP: 6/14
  2043 | D:2      | Reached XP level 6. HP: 32/32 MP: 6/15
  2115 | D:2      | Learned a level 4 spell: Olgreb's Toxic Radiance
  2373 | D:3      | Noticed Grinder
  2377 | D:3      | Paralysed by Grinder for 2 turns
  2392 | D:3      | Killed Grinder
  2393 | D:3      | Reached skill level 5 in Dodging
  2529 | D:3      | Found an opulent altar of Gozag.
  3018 | D:3      | Became a worshipper of Gozag Ym Sagoz the Greedy
  3074 | D:4      | Reached XP level 7. HP: 36/36 MP: 13/17
  3173 | D:4      | Found an iron altar of Okawaru.
  3616 | D:4      | Found Wosuji's Armour Boutique.
  3618 | D:4      | Found Huorghoa's Distillery.
  3618 | D:4      | Found Voisao's Jewellery Boutique.
  3620 | D:4      | Found Vomeplof's General Store.
  4042 | D:5      | Entered Level 5 of the Dungeon
  4113 | D:5      | Found a runed translucent gate.
  4113 | D:5      | Found a runed translucent gate.
  4114 | D:5      | Found a runed translucent gate.
  4114 | D:5      | Noticed Graphine's ghost (novice DrAE)
  4163 | D:5      | Slain by an ice beast

Illustrated notes

Levels and vault maps discovered:
D:1:      scummos_arrival_checkerplants, layout_loops_ring, serial_shops, shop,
          shop, nicolae_shop_advertising_works [nicolae_subvault_shop_adworks],
          basic_ecumenical_altar
D:2:      layout_basic, st_stairs_5, uniq_terence, uniq_natasha, uniq_sigmund
D:3:      layout_basic, nicolae_overflow_crystal_walls, nicolae_titane,
          uniq_grinder
D:4:      layout_rooms, okawaru_ov_weapons_minmay, minmay_shop_grid_forest,
          minivault_5
D:5:      layout_loops_ring, minmay_temple_entry_grid,
          gammafunk_ghost_nasty_kobolds, nrook_campfire,
          minmay_misc_feat_diagonals, kennysheep_generic_room_2

Skill      XL: |  1  2  3  4  5  6  7 |
---------------+----------------------+-----
Dodging        | 3 4 5 |  5.7
Spellcasting   | 4 5 6 |  6.5
Poison Magic   | 1 2 3 4 |  4.2
Conjurations   | 5 6 |  6.5
Stealth        | |  2.4

Action                     |  1- 3 |  4- 6 |  7- 9 || total
---------------------------+-------+-------+-------++-------
   Cast: Magic Dart        |    53 |    72 |    68 ||   193
         Olgreb's Toxic Ra |       |     1 |       ||     1
    Use: Potion            |       |     1 |       ||     1
 Armour: Robe              |     1 |     1 |       ||     2
  Dodge: Dodged            |     7 |    16 |    12 ||    35
